 Dungeon Crawl Stone Soup version 0.31-a0-435-g2c6fae2916 (webtiles) character file.

Game seed: 4551218447033985497

4319 Ethylacetat the Mimic (level 10, 0/106 HPs)
             Began as an Octopode Shapeshifter on Aug 1, 2023.
             Was an Initiate of Gozag.
             Slain by a yak (10 damage)
             ... on level 8 of the Dungeon.
             The game lasted 00:15:20 (7042 turns).

Ethylacetat the Mimic (Octopode Shapeshifter)       Turns: 7042, Time: 00:15:20

Health: 0/106      AC: 25    Str: 14    XL:     10   Next: 33%
Magic:  10/10      EV:  2    Int: 11    God:    Gozag
Gold:   95         SH:  0    Dex: 17    Spells: 9/9 levels left

rFire   . . .        n - +5 spear of Cica {elec, rC+ rCorr SInv Stlth+}
rCold   + . .        (no shield)
rNeg    . . .        (helmet currently unavailable)
rPois   +            v - amulet of magic regeneration
rElec   .            d - +5 ring of evasion
rCorr   +            g - +4 ring of slaying
SInv    +            (no ring)
Will    .....        (no ring)
Stlth   ++           (no ring)
HPRegen 0.37/turn    (no ring)
MPRegen 0.52/turn    (no ring)
                     (no ring)

%: no passive effects
@: confused, tree-form, ambrosia-drunk, studying Conjurations
A: stationary, stasis, torment immunity, boosted hp, almost no armour,
(amphibious), 8 rings, (camouflage 1), (gelatinous body 1), (nimble swimmer 1),
(tentacles)
a: Renounce Religion, Potion Petition, Call Merchant, Bribe Branch


You were on level 8 of the Dungeon.
You worshipped Gozag.
Gozag was noncommittal.
You were a tree.
You visited 2 branches of the dungeon, and saw 9 of its levels.

You collected 468 gold pieces.
You spent 249 gold pieces at shops.
You paid 124 gold pieces to Gozag.

Inventory:

Hand Weapons
 n - the +5 spear of Cica (weapon) {elec, rC+ rCorr SInv Stlth+}
   (You found it on level 3 of the Dungeon)

   rC:        It protects you from cold.
   SInv:      It lets you see invisible.
   rCorr:     It protects you from acid and corrosion.
   Stlth:     It makes you more stealthy.
Missiles
 u - a throwing net
Armour
 l - a +1 hat of willpower
Jewellery
 d - a +5 ring of evasion (left branch)
 g - a +4 ring of slaying (right branch)
 v - an amulet of magic regeneration (around neck)
Talismans
 b - a beast talisman
Wands
 C - a wand of flame (17)
Scrolls
 c - 6 scrolls of teleportation
 e - 4 scrolls of amnesia {unknown}
 h - 4 scrolls of noise {unknown}
 k - 5 scrolls of fog {unknown}
 p - 2 scrolls of silence {unknown}
 r - 3 scrolls of poison {unknown}
 s - 4 scrolls of vulnerability {unknown}
 t - a scroll of butterflies {unknown}
 w - 2 scrolls of acquirement {unknown}
 x - 3 scrolls of identify {unknown}
 y - 4 scrolls of brand weapon {unknown}
 A - a scroll of enchant armour {unknown}
 B - a scroll of revelation {unknown}
 E - a scroll of torment {unknown}
 F - a scroll of fear {unknown}
 G - 2 scrolls of blinking {unknown}
Potions
 a - 2 potions of lignification
 i - a potion of might {unknown}
 j - a potion of degeneration {unknown}
 m - a potion of mutation {unknown}
 q - 2 potions of curing
 D - a potion of attraction


   Skills:
 + Level 7.3 Fighting
 - Level 2.0 Dodging
 + Level 8.0 Unarmed Combat
 * Level 9.4 Shapeshifting


You had 9 spell levels left.
You didn't know any spells.
Your spell library contained the following spells:

 Spells                   Type           Power      Damage    Failure   Level
 Freeze                   Ice            0%         1d3       34%         1
 Magic Dart               Conj           0%         1d3       34%         1
 Summon Small Mammal      Summ           0%         N/A       34%         1
 Ensorcelled Hibernation  Hex/Ice        0%         N/A       47%         2
 Scorch                   Fire           0%         2d5       47%         2
 Searing Ray              Conj           0%         2d4       47%         2
 Call Canine Familiar     Summ           0%         N/A       71%         3
 Frozen Ramparts          Ice            0%         1d1       71%         3
 Hailstorm                Conj/Ice       0%         3d3       71%         3
 Summon Guardian Golem    Hex/Summ       0%         N/A       71%         3
 Volatile Blastmotes      Fire/Tloc      0%         2d10      71%         3
 Anguish                  Hex/Necr       0%         N/A       98%         4
 Flame Wave               Conj/Fire      0%         2d4       98%         4
 Fulminant Prism          Conj/Hex       0%         3d5       98%         4
 Iskenderun's Mystic Bla  Conj/Tloc      0%         2d3       98%         4
 Summon Cactus Giant      Summ           0%         N/A       100%        6


Dungeon Overview and Level Annotations

Branches:
Dungeon (8/15)             Temple (1/1) D:7
   Lair: D:8-11

Altars:
Ashenzari
Cheibriados
Dithmenos
Elyvilon
Fedhas
Gozag
Hepliaklqana
Kikubaaqudgha
Makhleb
Nemelex Xobeh
Okawaru
Qazlal
Ru
Sif Muna
Trog
Uskayaw
Wu Jian
Xom
Yredelemnul
Zin
The Shining One

Shops:
D:3 :   D:6 *   D:7 *


Innate Abilities, Weirdness & Mutations

You are a tree.
Your roots penetrate the ground, keeping you stationary.
You cannot be teleported.
You are immune to unholy pain and torment.
Your maximum health is greatly increased.
You cannot wear most types of armour.
((You are amphibious.))
You can wear up to eight rings at the same time.
((Your skin changes colour to match your surroundings (Stealth+).))
((Your rubbery body absorbs attacks. (AC +1, EV +1)))
((You are camouflaged when in or above water. (Stealth+)))
((You have tentacles for arms and can constrict up to eight enemies at once.))


Message History

* * * LOW HITPOINT WARNING * * *
It was a potion of curing.
You feel better. The yak completely misses you.
Really quaff the potion of lignification?
Your transformation has ended.
You turn into a tree.
Your roots penetrate the ground.
The yak gores you but does no damage.
You feel better. The yak gores you but does no damage. The yak gores you.
* * * LOW HITPOINT WARNING * * *
You hit the yak. You punch the yak.
The yak is moderately wounded.
The yak gores you but does no damage. The yak gores you.
* * * LOW HITPOINT WARNING * * *
You hit the yak but do no damage.
The yak is moderately wounded.
The yak gores you.
* * * LOW HITPOINT WARNING * * *
It was a potion of magic.
Magic courses through your body.
The yak gores you but does no damage. x2; The yak gores you!
* * * LOW HITPOINT WARNING * * *
It was a potion of enlightenment.
Your roots keep you in place.
The yak gores you.
* * * LOW HITPOINT WARNING * * *
The yak gores you but does no damage. x2
It was a potion of ambrosia.
You are confused.
You feel invigorated.
The yak gores you but does no damage. x3
Okay, then.
You nearly hit yourself!
The yak gores you!
* * * LOW HITPOINT WARNING * * *
The yak gores you but does no damage. x2
You nearly hit yourself!
Your enlightenment fades.
The yak gores you.
* * * LOW HITPOINT WARNING * * *
The yak gores you.
* * * LOW HITPOINT WARNING * * *
The yak barely misses you.
You nearly hit yourself!
The yak gores you!
You die...
Your body crumbles into a pile of gold.

#....#######....#.......#..
#....#..........#.......#..
#####....#..........#.......#..
#...#....#..........#.......#..
#........#..........#####...#..
#........#..Y...........#...#..
#...#<.#'#..............#...#..
#######....#'#######....#...#..
#....#.Y♣....#....#...#..
#....#.YY....#....#...#..
#....#.......'....#...#..
#....#..##...#....#...#..
#....#..######....#...#..
#....#[......#†...#...#..
#....#.......'....'...#..
##....#..##...#†...#...#..
#....##..###+##....#...#..


You could see 3 yaks.

Vanquished Creatures
  Gastronok (D:8)
  Pikel (D:7)
  5 yaks (D:8)
  Menkaure (D:7)
  A steam dragon (D:7)
  2 water moccasins
  Duvessa (D:7)
  An ice beast (D:7)
  An orc warrior (D:7)
  A black bear (D:4)
  2 sky beasts
  An ogre (D:6)
  2 phantoms
  2 lemures (D:7)
  3 scorpions
  A gnoll sergeant (D:8)
  Dowan (D:7)
  A howler monkey (D:7)
  A jelly (D:5)
  Crazy Yiuf (D:2)
  A gnoll bouda (D:4)
  A hound (D:4)
  4 iguanas
  Ijyb (D:4)
  An orc wizard (D:4)
  A mummy (D:6)
  8 gnolls
  3 adders
  A white imp (D:4)
  A shadow imp (D:8)
  An ufetubus (D:6)
  8 worms
  3 dart slugs
  8 orcs
  4 ball pythons
  7 endoplasms
  4 giant cockroaches
  15 goblins
  7 hobgoblins
  7 jackals
  A quokka (D:5)
  5 bats
  5 frilled lizards
  A hobgoblin zombie (D:6)
  4 kobolds
  3 kobold zombies (D:6)
  2 rats
137 creatures vanquished.

Notes
Turn   | Place    | Note
-------+----------+-------------------------------------------
     0 | D:1      | Ethylacetat the Octopode Shapeshifter began the quest for
                  | the Orb.
     0 | D:1      | Reached XP level 1. HP: 13/13 MP: 1/1
   122 | D:1      | Found a faded altar of an unknown god.
   145 | D:1      | Reached XP level 2. HP: 12/18 MP: 2/2
   684 | D:2      | Reached XP level 3. HP: 14/23 MP: 3/3
  1589 | D:2      | Found a runed translucent door.
  1590 | D:2      | Noticed Crazy Yiuf
  1595 | D:2      | Killed Crazy Yiuf
  1596 | D:2      | Reached XP level 4. HP: 29/29 MP: 4/4
  2070 | D:3      | Found Vuntepok's Book Shoppe.
  2196 | D:3      | Identified the +5 spear of Cica {elec, rC+ rCorr SInv
                  | Stlth+}
  2386 | D:4      | Reached skill level 4 in Shapeshifting
  2479 | D:4      | Reached XP level 5. HP: 34/34 MP: 5/5
  2535 | D:4      | Noticed Ijyb
  2542 | D:4      | Killed Ijyb
  2892 | D:4      | Noticed a black bear
  2899 | D:4      | Killed a black bear
  2900 | D:4      | Reached XP level 6. HP: 38/42 MP: 6/6
  3026 | D:4      | Reached skill level 5 in Shapeshifting
  3115 | D:4      | Reached XP level 7. HP: 46/46 MP: 7/7
  3254 | D:5      | Entered Level 5 of the Dungeon
  3712 | D:5      | Found a bloodstained altar of Trog.
  3712 | D:5      | Found a sparkling altar of Nemelex Xobeh.
  3712 | D:5      | Found a blossoming altar of Fedhas.
  3851 | D:5      | Reached skill level 5 in Unarmed Combat
  4040 | D:6      | Reached skill level 6 in Shapeshifting
  4040 | D:6      | Reached XP level 8. HP: 54/54 MP: 8/8
  4103 | D:6      | Found a shimmering altar of Xom.
  4104 | D:6      | Found Daskul's Assorted Antiques.
  4109 | D:6      | Found a glowing golden altar of the Shining One.
  4112 | D:6      | Found a stormy altar of Qazlal.
  4121 | D:6      | Bought a scroll labelled LOC SUXACW for 26 gold pieces
  4121 | D:6      | Bought 2 scrolls labelled UHOEZY QEOCOBB for 52 gold pieces
  4121 | D:6      | Bought a scroll labelled VELAR ADGHUGILU for 26 gold pieces
  4121 | D:6      | Bought a scroll labelled VELAR ADGHUGILU for 26 gold pieces
  4121 | D:6      | Bought a grey potion for 23 gold pieces
  4142 | D:6      | Found an ancient bone altar of Kikubaaqudgha.
  4142 | D:6      | Found a hazy altar of Hepliaklqana.
  4146 | D:6      | Found a burning altar of Makhleb.
  4626 | D:7      | Noticed Duvessa
  4627 | D:7      | Noticed Dowan
  4639 | D:7      | Killed Duvessa
  4641 | D:7      | Killed Dowan
  4867 | D:7      | Found Lape's General Store.
  4873 | D:7      | Reached skill level 5 in Fighting
  4874 | D:7      | Reached skill level 7 in Shapeshifting
  4925 | D:7      | Bought a potion of attraction for 48 gold pieces
  4925 | D:7      | Bought a scroll of teleportation for 48 gold pieces
  5138 | D:7      | Noticed Pikel
  5151 | D:7      | Killed Pikel
  5152 | D:7      | Reached XP level 9. HP: 20/62 MP: 9/9
  5438 | D:7      | Found a staircase to the Ecumenical Temple.
  5652 | D:7      | Noticed Menkaure
  5657 | D:7      | Killed Menkaure
  5729 | Temple   | Entered the Ecumenical Temple
  5838 | D:7      | Reached skill level 8 in Shapeshifting
  6019 | D:8      | Noticed Gastronok
  6040 | D:8      | Killed Gastronok
  6041 | D:8      | Reached XP level 10. HP: 69/69 MP: 10/10
  6122 | D:8      | Reached skill level 9 in Shapeshifting
  6258 | Temple   | Became a worshipper of Gozag Ym Sagoz the Greedy
  7041 | D:8      | HP: 5/106 [yak (6)]
  7042 | D:8      | Slain by a yak

Illustrated notes

Levels and vault maps discovered:
D:1:      dpeg_arrival_stonehenge_12_columns, layout_loops_ring,
          hellmonk_ecumenical_altar_blasted, corexii_item_surrounded_by_moat,
          kennysheep_boxes
D:2:      layout_loops_corners, uniq_crazy_yiuf_cottage
D:3:      layout_loops_cross, serial_shops, nicolae_shop_real_fake_doors
D:4:      kennysheep_goblin_castle, layout_basic, minmay_manual_mess
D:5:      layout_rooms, gammafunk_temple_overflow_forgotten, nicolae_wormholes
D:6:      layout_loops_cross, minitemple, serial_shops, nicolae_shop_dealshenge,
          minmay_mini_ossuary
D:7:      layout_loops_ring, temple_statues, kennysheep_diamond,
          kennysheep_another_room, uniq_menkaure, uniq_duvessa, uniq_pikel
D:8:      layout_gridville, grunt_decor_cap, uniq_gastronok
Temple:   hellmonk_temple_forest_ring

Skill      XL: |  1  2  3  4  5  6  7  8  9 10 |
---------------+-------------------------------+-----
Fighting       | 2 3 4 5 6 7 |  7.3
Shapeshifting  | 4 5 6 7 8 9 |  9.4
Unarmed Combat | 4 5 6 7 8 |  8.0
Dodging        | |  2.0

Action                     |  1- 3 |  4- 6 |  7- 9 | 10-12 || total
---------------------------+-------+-------+-------+-------++-------
  Melee: Unarmed           |    40 |    18 |       |       ||    58
         Tentacles         |     7 |     6 |    17 |     3 ||    33
         Constrict         |     7 |    15 |    16 |     1 ||    39
         Spear             |       |    54 |   109 |    45 ||   208
         Punch             |       |     3 |     1 |     2 ||     6
  Evoke: Wand              |       |       |    17 |       ||    17
    Use: Potion            |       |       |       |     6 ||     6
   Stab: Sleeping          |     4 |    12 |    11 |     1 ||    28
         Distracted        |       |       |     1 |       ||     1
         Invisible         |       |       |     1 |       ||     1
 Armour: Skin              |     1 |     1 |     4 |    12 ||    18
  Dodge: Dodged            |    16 |    36 |    37 |    42 ||   131

Table legend: (Time is in decaauts)
 A = Elapsed time spent in this place.
 B = Non-inter-level travel time spent in this place.
 C = Inter-level travel time spent in this place.
 D = Time resting spent in this place.
 E = Time spent auto-exploring this place.
 F = Levels seen in this place.
 G = Mean time per level.
                   A        B        C        D        E       F      G
               +--------+--------+--------+--------+--------+-----+--------+
         Total |   7061 |   6523 |    538 |    210 |   5327 |   9 |  784.6 |
       Dungeon |   6992 |   6484 |    508 |    210 |   5327 |   8 |  874.0 |
        Temple |     68 |     38 |     30 |      0 |      0 |   1 |   68.0 |
               +--------+--------+--------+--------+--------+-----+--------+

Top non-repeatable levels by time:
     D:7: 1456 daAuts
     D:2: 1074 daAuts
     D:4: 1050 daAuts
     D:8: 946 daAuts
     D:5: 627 daAuts
     D:6: 626 daAuts
     D:3: 616 daAuts
     D:1: 595 daAuts
  Temple: 68 daAuts
